 Dungeon Crawl Stone Soup version 0.26.0-16-gc1dbca0489 (webtiles) character file.

Game seed: 14213432898190877102

19 EnegeticOcto the Chopper (level 2, -2/25 (27) HPs)
             Began as a Deep Dwarf Fighter on Jan 20, 2021.
             Slain by Duvessa
             ... wielding a +0 short sword
              (7 damage)
             ... on level 4 of the Dungeon.
             The game lasted 00:01:39 (230 turns).

EnegeticOcto the Chopper (Deep Dwarf Fighter)        Turns: 230, Time: 00:01:40

HP:   -2/25 (27)    AC:  6    Str: 19    XL:     2   Next: 55%
MP:   2/2           EV:  7    Int:  8    God:
Gold: 7             SH:  9    Dex: 12    Spells: 1/1 levels left

rFire    . . .     SeeInvis .   a - +0 war axe
rCold    . . .     Faith    .   c - +0 kite shield
rNeg     . . .     Spirit   .   b - +0 scale mail
rPois    .         Reflect  .   (no helmet)
rElec    .         Harm     .   (no cloak)
rCorr    .         Rampage  .   (no gloves)
Will     .....                  (no boots)
Stlth    ..........             (no amulet)
HPRegen  0.00/turn              (no ring)
MPRegen  0.08/turn              (no ring)

@: non-regenerating, drained
A: damage resistance, heal wounds, sense surroundings 1, no regeneration
a: Heal Wounds


You were on level 4 of the Dungeon.
You visited 1 branch of the dungeon, and saw 4 of its levels.

You collected 7 gold pieces.

Inventory:

Hand Weapons
 a - a +0 war axe (weapon)
Armour
 b - a +0 scale mail (worn)
 c - a +0 kite shield (worn)
Potions
 d - a potion of might {@q3 !q}
 e - a potion of magic {unknown}
 f - a potion of berserk rage {unknown}
 g - a potion of brilliance {unknown}
 h - a potion of lignification {unknown}


   Skills:
 - Level 2.6 Fighting
 + Level 3.5 Axes
 - Level 3.2 Armour
 - Level 3.2 Shields


You had one spell level left.
You didn't know any spells.
Your spell library was empty.

Dungeon Overview and Level Annotations

Branches:
Dungeon (4/15)
 Temple: D:4-7

Altars:

Annotations:
D:4 Dowan, Duvessa


Innate Abilities, Weirdness & Mutations

You are resistant to damage.
You can heal yourself by infusing magical energy.
You passively map a small area around you.
You do not regenerate.


Message History

The giant cockroach is heavily wounded.
You block the bat's attack.
The giant cockroach bites you but does no damage. x2
You block the bat's attack. The giant cockroach closely misses you.
You slash the giant cockroach!
You kill the giant cockroach!
You block the bat's attack. The bat barely misses you.
You miss the bat. You block the bat's attack.
The bat hits you but does no damage. The bat hits you but does no damage.
You block the bat's attack. The bat hits you but does no damage.
The bat hits you. The bat hits you but does no damage.
The bat hits you but does no damage.
There is a stone staircase leading down here.
You climb downwards.
Found 4 gold pieces.
Found a stone staircase leading down.
There is a stone staircase leading up here.
A rat comes into view.
Found 21 arrows.
You see here 4 gold pieces.
You now have 7 gold pieces (gained 4).
You barely miss the rat. The rat closely misses you.
You hit the rat.
You kill the rat!
No target in view!
There is a stone staircase leading down here.
You climb downwards.
There is a stone staircase leading up here.
You climb upwards.
There is a stone staircase leading down here.
A dart slug comes into view.
There is a stone staircase leading down here.
You climb downwards.
There is a stone staircase leading up here.
A quokka comes into view.
Found 18 bolts.
You slash the quokka!
You kill the quokka!
No target in view!
Found an escape hatch in the ceiling.
You see here 18 bolts.
Found a stone staircase leading up.
Found a stone staircase leading up.
There is a stone staircase leading up here.
You climb upwards.
There is a stone staircase leading down here.
You climb downwards.
There is a stone staircase leading up here.
Found 3 scrolls labelled BAMUICA LIOC.
A wight, Duvessa, Dowan and a dart slug come into view.
Duvessa shouts!
A wight comes into view. It is wielding a +2 hand axe of venom.
A wight comes into view. It is wielding a +4 scimitar.
Unknown command.
You slash Duvessa!
Duvessa is moderately wounded.
Duvessa hits you with a +0 short sword.
You hit Duvessa.
Duvessa is moderately wounded.
Dowan points at you and mumbles some strange words.
The puff of flame hits you. Duvessa hits you with a +0 short sword.
You slash Duvessa!
Duvessa is heavily wounded.
You completely miss Dowan. You block Duvessa's attack.
Dowan hits you but does no damage.
You hit Duvessa.
Duvessa is severely wounded.
You closely miss Dowan.
Duvessa says, "Where magic fails, the sword succeeds!"
Duvessa hits you but does no damage.
Dowan mumbles some strange words.
Dowan blinks!
Duvessa hits you but does no damage.
Your shield and scale mail prevent you from hitting Duvessa.
Duvessa is heavily wounded.
You slash the dart slug! You block Duvessa's attack.
The dart slug bites you but does no damage.
You barely miss Duvessa.
Duvessa is heavily wounded.
You hit the dart slug.
You kill the dart slug!
Duvessa barely misses you. You block the wight's attack.
Duvessa barely misses you.
You hit Duvessa.
Duvessa is severely wounded.
You slash the wight! You block Duvessa's attack.
The wight hits you with a +4 scimitar!
You feel drained.
You feel much better. You block Duvessa's attack. The wight barely misses you.
You barely miss Duvessa.
Duvessa is severely wounded.
You hit the wight. Duvessa hits you with a +0 short sword!
The wight hits you with a +4 scimitar.
You closely miss Duvessa.
Duvessa is severely wounded.
You hit the wight. You block Duvessa's attack.
The wight hits you with a +4 scimitar!
Ouch! That really hurt!
* * * LOW HITPOINT WARNING * * *
You feel drained. Duvessa hits you with a +0 short sword!
You die...

* ..........##...
, ......?...#..#
............. , ..
..#...e.#.# ,
....#⌠#w..##.#####
* ........##
#.....# ,
.######..###.....#
,
#######ze.......#
*
#.....@ez.......#
*
...#########.....#
, .....####.....#
* #...#..##### , ,
* #.....## , ,,
,.....##.##
#######.# ,, ,
##....# ... *
#..####


You could see Duvessa, Dowan and 2 wights.

Vanquished Creatures
  An adder (D:2)
  A dart slug (D:4)
  A giant cockroach (D:2)
  A goblin (D:2)
  2 quokkas
  A frilled lizard (D:2)
  2 rats
9 creatures vanquished.

Notes
Turn   | Place    | Note
-------+----------+-------------------------------------------
     0 | D:1      | EnegeticOcto the Deep Dwarf Fighter began the quest for the
                  | Orb.
     0 | D:1      | Reached XP level 1. HP: 20/20 MP: 1/1
   121 | D:2      | Reached skill level 3 in Axes
   121 | D:2      | Reached XP level 2. HP: 24/27 MP: 2/2
   216 | D:4      | Noticed Duvessa
   216 | D:4      | Noticed Dowan
   216 | D:4      | Noticed a wight
   216 | D:4      | Noticed a wight
   216 | D:4      | Noticed a wight
   230 | D:4      | Slain by Duvessa

Illustrated notes

Levels and vault maps discovered:
D:1:      ncdulo_wetmaze, layout_rooms, nrook_campfire
D:2:      layout_loops_cross, ashenzari_altar_1, uniq_crazy_yiuf_cottage
D:3:      layout_basic, minmay_misc_feat_five, kennysheep_slug_shrine
D:4:      layout_rooms, vehumet_crystals, kennysheep_decorative_pillar,
          uniq_grinder, uniq_robin, uniq_duvessa

Skill      XL: |  1 |
---------------+----+-----
Axes           | 3 |  3.5
Fighting       | |  2.6
Armour         | |  3.2
Shields        | |  3.2

Action                   || total
-------------------------++-------
Melee: War axe           ||    26
 Abil: Heal Wounds       ||     1
Armor: Scale mail        ||    77
Dodge: Dodged            ||    42
Block: Kite shield       ||    54
